 Dungeon Crawl Stone Soup version 0.28-b1-1-g3c77fb2ed1 (webtiles) character file.

Game seed: 8657902748542753085

104 DildoBatman the Conjurer (level 5, 0/32 (37) HPs)
             Began as a Formicid Conjurer on Jan 29, 2022.
             Slain by an adder skeleton (2 damage)
             ... on level 5 of the Dungeon.
             The game lasted 00:10:49 (2966 turns).

DildoBatman the Conjurer (Formicid Conjurer)        Turns: 2966, Time: 00:10:49

HP:   0/32 (37)     AC:  3    Str: 11    XL:     5   Next: 7%
MP:   8/8           EV: 12    Int: 18    God:
Gold: 41            SH:  0    Dex: 11    Spells: 6/9 levels left

rFire   . . .      SeeInvis +   a - +0 long sword
rCold   + . .      Faith    .   (no shield)
rNeg    . . .      Spirit   .   i - +0 robe
rPois   .          Reflect  .   (helmet unavailable)
rElec   .          Harm     .   (no cloak)
rCorr   .          Rampage  .   (no gloves)
Will    .....                   k - +0 pair of boots
Stlth   ++........              r - amulet of regeneration
HPRegen 0.90/turn               p - ring of protection from cold
MPRegen 0.11/turn               (no ring)

@: attractive, flying, heavily drained
A: permanent stasis, dig shafts and tunnels, antennae 3, four strong arms
a: Dig, Shaft Self


You were on level 5 of the Dungeon.
You visited 2 branches of the dungeon, and saw 6 of its levels.

You collected 41 gold pieces.

Inventory:

Hand Weapons
 a - a +0 long sword (weapon)
 b - a +0 hunting sling
Missiles
 c - 193 stones
 e - 66 arrows
 g - 51 bolts
 o - 6 javelins
Armour
 i - a +0 robe (worn)
 k - a +0 pair of boots (worn)
Jewellery
 p - a ring of protection from cold (left hand)
 r - an amulet of regeneration (around neck)
Wands
 f - a wand of mindburst (7)
Scrolls
 z - a scroll of identify
 C - a scroll of magic mapping


   Skills:
 * Level 1.2 Fighting
 * Level 1.3 Armour
 - Level 1.7 Dodging
 - Level 2.4 Stealth
 * Level 2.6 Spellcasting
 * Level 4.9 Conjurations


You had 6 spell levels left.
You knew the following spells:

 Your Spells              Type           Power      Damage    Failure   Level
a - Searing Ray           Conj           40%        2d5       3%          2
c - Magic Dart            Conj           80%        1d7       2%          1

Your spell library contained the following spells:

 Spells                   Type           Power      Damage    Failure   Level
 Dazzling Flash           Conj/Hex       22%        N/A       19%         3
 Lesser Beckoning         Tloc           2%         N/A       45%         3
 Fulminant Prism          Conj/Hex       5%         3d7       52%         4
 Iskenderun's Mystic Bla  Conj/Tloc      11%        2d4       52%         4
 Manifold Assault         Tloc           2%         N/A       99%         5
 Blink                    Tloc           Unusable   N/A       N/A         2

Dungeon Overview and Level Annotations

Branches:
Dungeon (5/15)             Temple (1/1) D:5

Altars:
Ashenzari
Cheibriados
Elyvilon
Fedhas
Hepliaklqana
Makhleb
Nemelex Xobeh
Okawaru
Qazlal
Sif Muna
Trog
Uskayaw
Vehumet
Wu Jian
Xom
Yredelemnul
Zin
The Shining One

Shops:
D:4 **

Annotations:
D:2 Sigmund, Terence
D:3 2 transporters, Ijyb


Innate Abilities, Weirdness & Mutations

You cannot be hasted, slowed, berserked, paralysed or teleported.
You can dig through walls and to a lower floor.
You have a pair of large antennae on your head. (SInv)
Your four strong arms can wield two-handed weapons with a shield.


Message History

The scorpion convulses!
It was a scroll of torment.
The adder bites you. The ogre closely misses you.
The quokka twitches its whiskers.
The adder skeleton bites you but does no damage.
As you read the scroll labelled REG EKHLADWESA, it crumbles to dust.
You feel a strange sense of stasis.
It was a scroll of teleportation.
The adder bites you.
You are poisoned.
The adder poisons you! The ogre misses you.
The adder skeleton bites you but does no damage.
The adder bites you.
The giant cockroach bites the bush but does no damage.
It was a potion of flight.
You feel very buoyant.
You fly up into the air.
You feel sick.
The scorpion stings the bush but does no damage.
The adder closely misses you. The adder skeleton barely misses you.
The giant cockroach bites the bush but does no damage.
The ogre closely misses you.
It was a potion of attraction.
You feel attractive to monsters.
You feel sick.
The scorpion stings the bush but does no damage.
The adder barely misses you.
The giant cockroach bites the bush but does no damage.
The adder skeleton closely misses you.
It was a potion of curing.
You feel better. The adder closely misses you.
The scorpion stings the bush.
The ogre hits you with a +0 giant club!
The giant cockroach bites the bush but does no damage.
The adder skeleton bites you.
You die...

*,,,,,,,,,,,,,,,,,,,,,,^,,
*,,,,,,,,****########...,,
********,,,,,*+######...........,
*,,,,,,,,.,,,+_+........####....*
*,,,,,,,,..,,#+#.......#........,
*,,,,,,,,...##.........#.#B..##.,
*,,,,,,,,......PP........#{≈≈#,,,
**,,,,,,,......PZP......##≈≈≈#*,,
*,,,,,,,.....sP@Pr......#≈≈{#,,,
*,,,,,,,......OPS......##≈{≈**,,
*,,,,,,,.......PB......<#{∩≈**,,
*,,,,,,,................#≈≈≈**,,
*,,,,,,,.#..............#{≈≈*,,,
*,,,,,,,................#≈≈{***,
*,,,,,,,................#≈≈≈*,,,
*,,,,,,,............##..#,,,*,,,
**,,,,,,,,*,,,,,<..#.*#...,,**,,,


You could see an ogre, a scorpion, an adder, a quokka, a giant cockroach and an
adder skeleton.

Vanquished Creatures
  3 adders
  An adder skeleton (D:4)
  4 worms
  3 dart slugs (D:2)
  3 ball pythons
  5 endoplasms
  2 giant cockroaches (D:3)
  10 goblins
  10 hobgoblins
  2 quokkas
  A bat (D:3)
  2 frilled lizards (D:2)
  3 kobolds
  3 rats
52 creatures vanquished.

Vanquished Creatures (others)
  A plant (D:5)
1 creature vanquished.

Grand Total: 53 creatures vanquished

Notes
Turn   | Place    | Note
-------+----------+-------------------------------------------
     0 | D:1      | DildoBatman the Formicid Conjurer began the quest for the
                  | Orb.
     0 | D:1      | Reached XP level 1. HP: 13/13 MP: 3/3
   348 | D:1      | Reached XP level 2. HP: 19/19 MP: 1/5
   351 | D:1      | Learned a level 2 spell: Searing Ray
   359 | D:1      | Reached skill level 4 in Conjurations
   593 | D:1      | Found a faded altar of an unknown god.
   926 | D:2      | Noticed Sigmund
   987 | D:2      | Reached XP level 3. HP: 9/24 MP: 0/6
  1116 | D:2      | Noticed Terence
  1361 | D:2      | Reached XP level 4. HP: 30/30 MP: 0/7
  2033 | D:3      | Found a transporter.
  2064 | D:3      | Found a transporter.
  2123 | D:3      | Noticed Ijyb
  2144 | D:3      | Found a shimmering blue altar of Sif Muna.
  2186 | D:3      | Reached skill level 1 in Armour
  2309 | D:3      | Found an ornate altar of the Wu Jian Council.
  2350 | D:3      | Reached skill level 1 in Fighting
  2353 | D:3      | Found an iron altar of Okawaru.
  2549 | D:4      | Found a sparkling altar of Nemelex Xobeh.
  2648 | D:5      | Entered Level 5 of the Dungeon
  2739 | D:4      | Found Muanuceh's General Store.
  2741 | D:4      | Found Ytuily Zyggy's Assorted Antiques.
  2744 | D:5      | Noticed an ogre
  2744 | D:5      | Noticed a scorpion
  2745 | D:5      | Found a staircase to the Ecumenical Temple.
  2759 | D:5      | Noticed a scorpion
  2761 | Temple   | Entered the Ecumenical Temple
  2764 | Temple   | Reached XP level 5. HP: 31/32 MP: 4/8
  2966 | D:5      | Slain by an adder skeleton

Illustrated notes

Levels and vault maps discovered:
D:1:      nzn_arrival_crosshair, layout_basic,
          ebering_ecumenical_altar_abandoned
D:2:      layout_basic, uniq_sigmund, uniq_terence
D:3:      gammafunk_wand_slinger, layout_rooms, nzn_wu_jian_contemplation,
          okawaru_metal_pillars_3, mainiacjoe_overflow_chevrons, uniq_ijyb,
          uniq_robin
D:4:      layout_basic, mainiacjoe_overflow_small_starburst,
          minmay_shop_grid_forest
D:5:      layout_basic, kennysheep_mini, minmay_temple_entry_overgrown,
          portal_sewer_entry_f, uniq_blork_the_orc
Temple:   minmay_temple_curvy_branch

Skill      XL: |  1  2  3  4 |
---------------+-------------+-----
Conjurations   | 4 |  4.9
Armour         | 1 |  1.3
Fighting       | 1 |  1.2
Dodging        | |  1.7
Stealth        | |  2.4
Spellcasting   | |  2.6

Action                   |  1- 3 |  4- 6 || total
-------------------------+-------+-------++-------
Melee: Club              |    25 |       ||    25
       Punch             |     1 |       ||     1
       Long sword        |     1 |    54 ||    55
 Cast: Magic Dart        |    16 |    10 ||    26
       Searing Ray       |    10 |     6 ||    16
 Abil: Dig               |       |     2 ||     2
  Use: Scroll            |       |     5 ||     5
       Potion            |       |     3 ||     3
 Stab: Sleeping          |     1 |     1 ||     2
Armor: Robe              |     7 |    24 ||    31
Dodge: Dodged            |    22 |    60 ||    82
